 Dungeon Crawl Stone Soup version 0.28.0 (webtiles) character file.

Game seed: 17853060816520168032

159 SnakkuSnakku7 the Skirmisher (level 5, -18/36 HPs)
             Began as a Kobold Warper on Feb 9, 2022.
             Demolished by an ogre (21 damage)
             ... on level 4 of the Dungeon.
             The game lasted 00:04:15 (2257 turns).

SnakkuSnakku7 the Skirmisher (Kobold Warper)        Turns: 2257, Time: 00:04:15

Health: -18/36     AC: 11    Str: 11    XL:     5   Next: 68%
Magic:  8/8        EV:  7    Int: 14    God:
Gold:   43         SH:  0    Dex: 14    Spells: 8/8 levels left

rFire   . . .      SeeInvis .   b - +1 dagger (venom)
rCold   . . .      Faith    .   (no shield)
rNeg    . . .      Spirit   .   p - +0 chain mail
rPois   .          Reflect  .   (no helmet)
rElec   .          Harm     .   g - +2 cloak
rCorr   .          Rampage  .   (no gloves)
Will    .....                   (no boots)
Stlth   ..........              (no amulet)
HPRegen 0.12/turn               (no ring)
MPRegen 0.11/turn               (no ring)

@: no status effects
A: small, no large weapons, nightstalker 3
a: no special abilities


You were on level 4 of the Dungeon.
You visited 1 branch of the dungeon, and saw 4 of its levels.

You collected 43 gold pieces.

Inventory:

Hand Weapons
 a - a +0 mace
 b - a +1 dagger of venom (weapon)
Armour
 f - a +0 leather armour
 g - a +2 cloak (worn)
 n - a +0 ring mail
 p - a +0 chain mail (worn)
Scrolls
 h - a scroll of identify
 j - a scroll of noise {unknown}
 k - a scroll of torment {unknown}
 l - a scroll of silence {unknown}
 o - a scroll of amnesia {unknown}
 q - a scroll of acquirement {unknown}
Potions
 m - a potion of heal wounds {unknown}


   Skills:
 + Level 5.8 Fighting
 - Level 2.0 Maces & Flails
 - Level 1.1 Throwing
 - Level 0.7 Armour
 - Level 2.4 Dodging
 - Level 2.1 Spellcasting
 - Level 3.0 Translocations


You had 8 spell levels left.
You didn't know any spells.
Your spell library contained the following spells:

 Spells                   Type           Power      Damage    Failure   Level
 Apportation              Tloc           18%        N/A       99%         1
 Blink                    Tloc           18%        N/A       99%         2
 Animate Skeleton         Necr           2%         N/A       100%        1
 Summon Small Mammal      Summ           4%         N/A       100%        1
 Gell's Gravitas          Tloc           9%         N/A       100%        3
 Lesser Beckoning         Tloc           9%         N/A       100%        3
 Teleport Other           Tloc           9%         N/A       100%        3
 Manifold Assault         Tloc           9%         N/A       100%        5


Dungeon Overview and Level Annotations

Branches:
Dungeon (4/15)
 Temple: D:4-7

Altars:
Makhleb
Xom


Innate Abilities, Weirdness & Mutations

You are small and have problems with some larger weapons.
You are completely attuned to the shadows.


Message History

You completely miss the goblin. The goblin hits you but does no damage.
You hit the goblin but do no damage.
The goblin is poisoned.
The goblin hits you with a +0 club.
* * * LOW HITPOINT WARNING * * *
You hit the goblin but do no damage.
The goblin looks as sick as possible!
The goblin barely misses you.
You hit the goblin but do no damage.
The goblin looks as sick as possible!
The goblin is moderately wounded.
The goblin barely misses you.
You hit the goblin but do no damage.
The goblin looks as sick as possible!
The goblin is heavily wounded.
The goblin hits you but does no damage.
You hit the goblin but do no damage.
The goblin looks as sick as possible!
The goblin is severely wounded.
The goblin barely misses you.
You barely miss the goblin.
The goblin is almost dead.
You kill the goblin!
Things that are here:
a +0 club; a +0 plate armour You start resting.
You hear the brisk rusting of a very distant drain.
An ogre comes into view. It is wielding a +0 giant club.
The ogre shouts!
A dart slug comes into view.
The ogre hits you with a +0 giant club!
* * * LOW HITPOINT WARNING * * *
Things that are here:
a +0 club; a +0 plate armour
Found a potion of curing.
Found a pair of boots.
You see here a potion of curing.
The orc shouts!
You closely miss the orc. The orc barely misses you.
You hit the orc.
The orc is poisoned.
The orc is heavily wounded.
You kill the orc!
The ogre hits you with a +0 giant club!!
Ouch! That really hurt!
You die...

#)# #.# #.# #.# #.#
#.# ##### #.# #...
#.###.#############.#
.............!.O@)..#
######.###########..#
.......... ..
#####)#### # #......#
#.#.##.### # #. #.w.#
#. ###.# ...


You could see an ogre.

Vanquished Creatures
  An orc wizard (D:4)
  4 gnolls (D:4)
  4 adders
  A dart slug (D:2)
  5 orcs
  An endoplasm (D:3)
  4 giant cockroaches
  5 goblins
  9 hobgoblins
  5 kobolds
  4 quokkas
  3 ball pythons (D:2)
  3 bats
  5 frilled lizards
  3 rats
57 creatures vanquished.

Notes
Turn   | Place    | Note
-------+----------+-------------------------------------------
     0 | D:1      | SnakkuSnakku7 the Kobold Warper began the quest for the
                  | Orb.
     0 | D:1      | Reached XP level 1. HP: 12/12 MP: 3/3
   258 | D:1      | Reached XP level 2. HP: 13/18 MP: 5/5
   434 | D:1      | Reached skill level 3 in Fighting
   668 | D:2      | Found a shimmering altar of Xom.
   713 | D:2      | Reached XP level 3. HP: 21/23 MP: 6/6
   727 | D:2      | Found a faded altar of an unknown god.
   770 | D:2      | Reached skill level 4 in Fighting
   879 | D:2      | Identified the +3 leather armour of Satisfaction {-Tele
                  | Will+ Dex+4}
  1026 | D:2      | Reached XP level 4. HP: 29/29 MP: 7/7
  1965 | D:4      | Reached skill level 5 in Fighting
  1969 | D:4      | Reached XP level 5. HP: 23/35 MP: 8/8
  2056 | D:4      | Found a burning altar of Makhleb.
  2239 | D:4      | Noticed an ogre
  2240 | D:4      | HP: 1/36 [ogre (9)]
  2257 | D:4      | Demolished by an ogre

Illustrated notes

Levels and vault maps discovered:
D:1:      ebering_hopf_link, layout_rooms
D:2:      layout_basic, basic_altar, shapermc_ecumenical_altar_mp_vishouse,
          st_stairs_6, minmay_split_cup_small
D:3:      layout_loops_ring, serial_shops, shop
D:4:      layout_basic, lemuel_crystal_altar, portal_sewer_entry_e,
          uniq_eustachio

Skill      XL: |  1  2  3  4 |
---------------+-------------+-----
Maces & Flails | 2 |  2.0
Fighting       | 3 4 5 |  5.8
Throwing       | |  1.1
Armour         | |  0.7
Dodging        | |  2.4
Spellcasting   | |  2.1
Translocations | |  3.0

Action                   |  1- 3 |  4- 6 || total
-------------------------+-------+-------++-------
Melee: Mace              |    28 |       ||    28
       Dagger            |    66 |    91 ||   157
       Punch             |     1 |       ||     1
Throw: Boomerang         |       |     5 ||     5
  Use: Potion            |       |     3 ||     3
       Scroll            |       |     2 ||     2
 Stab: Sleeping          |     4 |     2 ||     6
Armor: Leather armour    |    20 |       ||    20
       Chain mail        |       |    37 ||    37
       Ring mail         |       |     6 ||     6
Dodge: Dodged            |    72 |    47 ||   119
